 Dungeon Crawl Stone Soup version 0.30-b1-2-g02819fbbbe (webtiles) character file.

Game seed: 8044519773087529371

15 redmage the Digger (level 2, -1/20 HPs)
             Began as a Meteoran Earth Elementalist on July 31, 2023.
             Slain by a phantom (2 damage)
             ... on level 5 of the Dungeon.
             The game lasted 00:02:38 (178 turns).

redmage the Digger (Meteoran Earth Elementalist)     Turns: 178, Time: 00:02:39

Health: -1/20      AC:  2    Str:  9    XL:     2   Next: 88%
Magic:  6/7        EV: 12    Int: 16    God:
Gold:   14         SH:  0    Dex: 14    Spells: 4/7 levels left

rFire   . . .        (no weapon)
rCold   . . .        (no shield)
rNeg    . . .        a - +0 robe
rPois   .            (no helmet)
rElec   .            (no cloak)
rCorr   .            (no gloves)
SInv    .            (no boots)
Will    .....        (no amulet)
Stlth   +            (no ring)
HPRegen 0.23/turn    (no ring)
MPRegen 0.10/turn

%: no passive effects
@: very slightly contaminated, glowing
A: sense surroundings 1, otherworldly, glowing, explore regen
a: no special abilities


You were on level 5 of the Dungeon.
You visited 1 branch of the dungeon, and saw 6 of its levels.

You collected 14 gold pieces.

Inventory:

Armour
 a - a +0 robe (worn)


   Skills:
 - Level 2.4 Dodging
 - Level 1.4 Stealth
 + Level 3.0 Spellcasting
 + Level 1.7 Transmutations
 * Level 4.1 Earth Magic


You had 4 spell levels left.
You knew the following spells:

 Your Spells              Type           Power      Damage    Failure   Level
a - Sandblast             Erth           30%        2d9       3%          1
b - Passwall              Tmut/Erth      10%        N/A       9%          2

Your spell library contained the following spells:

 Spells                   Type           Power      Damage    Failure   Level
 Stone Arrow              Conj/Erth      18%        3d8       24%         3
 Petrify                  Tmut/Erth      12%        N/A       47%         4


Dungeon Overview and Level Annotations

Branches:
Dungeon (6/15) Zot: 3413
 Temple: D:4-7

Altars:


Innate Abilities, Weirdness & Mutations

You passively map a small area around you.
You are easily found by Zot.
You glow in the dark.
You regain HP and MP as you explore.


Message History

Press: ? - help, Shift-Dir - straight line, f/p - phantom
Aim: a phantom (heavily damaged, 75% to hit)
The blast of sand hits the phantom.
The phantom is heavily damaged.
The shadow imp misses you. The phantom hits you.
The shadow imp hits you but does no damage.
The phantom hits you.
The phantom blinks!
You blink.
Unknown command.
Casting: Sandblast (safe; 3% risk of failure)
Confirm with . or Enter, or press ? or * to list all spells.
Aiming: Sandblast (safe; 3% risk of failure)
Press: ? - help, Shift-Dir - straight line, f/p - phantom
Aim: a phantom (heavily damaged, 75% to hit)
You miscast Sandblast.
You are very lightly contaminated with residual magic.
Nothing appears to happen.
The phantom hits you.
The phantom blinks!
You blink.
Found a scroll labelled PUWUCV TOTH.
Unknown command.
Okay, then.
Casting: Sandblast (safe; 3% risk of failure)
Confirm with . or Enter, or press ? or * to list all spells.
Aiming: Sandblast (safe; 3% risk of failure)
Press: ? - help, Shift-Dir - straight line, f/p - phantom
Aim: a phantom (heavily damaged, 75% to hit)
The blast of sand hits the phantom!
The phantom is almost destroyed.
The phantom hits you.
* * * LOW HITPOINT WARNING * * *
Unknown command.
Magic courses through your body. The phantom hits you.
* * * LOW HITPOINT WARNING * * *
Casting: Sandblast (safe; 3% risk of failure)
Confirm with . or Enter, or press ? or * to list all spells.
Aiming: Sandblast (safe; 3% risk of failure)
Press: ? - help, Shift-Dir - straight line, f/p - phantom
Aim: a phantom (almost destroyed, 75% to hit)
The blast of sand hits the phantom.
The phantom is almost destroyed.
The phantom hits you.
You die...

*,* *,,,*,,,*** **** *,*
*.#****,,,*** ***** *,*
*,..*,,,,,,,***^*^* *,*
***.#,***,,,**,^,^* *,*
*,,,.,* *,#,,+,,^_*
*,****,**#.* *.#***^,,,*
*,,,,,,* #.###.###**,*^*
*****#.###...W...##*****
*.......@.....#***
*.####.###.##.#*,* *,*
#,* #.#*,**,* #.* #.*
#.#*,#*,* #.*
#.###.##.##.# #.*
#....ยงยง5....# * #.*
##....##.#### * #.*
#.##.##.##### **** #.*
#.#..>......#


You could see a phantom.

Vanquished Creatures
  An adder (D:2)
  2 bats
  A giant cockroach (D:3)
  A goblin (D:2)
  A quokka (D:3)
6 creatures vanquished.

Notes
Turn   | Place    | Note
-------+----------+-------------------------------------------
     0 | D:1      | redmage the Meteoran Earth Elementalist began the quest for
                  | the Orb.
     0 | D:1      | Reached XP level 1. HP: 14/14 MP: 5/5
    96 | D:2      | Reached XP level 2. HP: 20/20 MP: 4/6
   102 | D:2      | Reached skill level 4 in Earth Magic
   109 | D:2      | Learned a level 2 spell: Passwall
   143 | D:5      | Entered Level 5 of the Dungeon
   166 | D:5      | Noticed a phantom
   177 | D:5      | HP: 1/20 [phantom (3)]
   178 | D:5      | Slain by a phantom

Illustrated notes

Levels and vault maps discovered:
D:1:      minmay_arrival_four_houses, layout_basic,
          shapermc_ecumenical_altar_totnotflames, minmay_misc_feat_five,
          minmay_misc_feat_tiny
D:2:      minmay_recursive_quarters, layout_basic, minmay_pentomino_u2
D:3:      layout_basic, mainiacjoe_overflow_concentric_impassable,
          minmay_stone_trees_medium, uniq_jessica
D:4:      layout_rooms, grunt_temple_overflow_cloverleaf,
          nicolae_overflow_hidden_temple, nicolae_kite_square_tiling_tiny
D:5:      layout_loops_ring, yredelemnul_forgotten_temple_becter,
          gammafunk_ghost_hive, kennysheep_crisscross
D:6:      layout_cave_pools, lemuel_zombie_altar_kikubaaqudgha,
          minmay_temple_entry_junction_2, minivault_19

Skill      XL: |  1  2 |
---------------+-------+-----
Spellcasting   | 3 |  3.0
Earth Magic    | 4 |  4.1
Dodging        | |  2.4
Stealth        | |  1.4
Transmutations | |  1.7

Action                     || total
---------------------------++-------
   Cast: Sandblast         ||    15
    Use: Scroll            ||     2
         Potion            ||     1
 Armour: Robe              ||     3
  Dodge: Dodged            ||     3
